 Dungeon Crawl Stone Soup version 0.29.1-15-g9cfb28693d (webtiles) character file.

Game seed: 14833566556962275927

183082 GeoRichter the Convoker (level 17, -5/95 (97) HPs)
             Began as a Deep Elf Conjurer on Apr 4, 2023.
             Was the Champion of Hepliaklqana.
             Slain by a +1 battleaxe of draining (15 damage)
             ... on level 2 of the Elven Halls on Apr 23, 2023.
             The game lasted 01:44:35 (45882 turns).

GeoRichter the Convoker (Deep Elf Conjurer)        Turns: 45882, Time: 01:44:36

HP:   -5/95 (97)    AC: 14    Str:  4    XL:     17   Next: 36%
MP:   11/36         EV: 18    Int: 32    God:    Hepliaklqana [******]
Gold: 387           SH: 14    Dex: 19    Spells: 14/43 levels left

rFire   + + .      SeeInvis .   a - staff of conjuration {!a}
rCold   + + .      Faith    .   S - +2 shield of Resistance {rF++ rC++ Will++}
rNeg    . . .      Spirit   .   L - +3 steam dragon scales
rPois   .          Reflect  .   j - +0 hat
rElec   .          Harm     .   w - +1 cloak
rCorr   +          Rampage  .   R - +0 pair of gloves
Will    +++..                   T - +0 pair of boots
Stlth   +++.......              Q - amulet of the acrobat
HPRegen 0.25/turn               r - ring of resist corrosion
MPRegen 0.25/turn               W - +6 ring of dexterity

@: hasted, studying Armour, lightly drained, very quick
A: reduced essence
}: 1/15 runes: barnacled
a: Renounce Religion, Recall Ancestor, Ancestor Identity, Transference, Idealise


You were on level 2 of the Elven Halls.
You worshipped Hepliaklqana.
Hepliaklqana was exalted by your worship.
You visited 6 branches of the dungeon, and saw 28 of its levels.
You also visited: Ossuary and Bailey.

You collected 2952 gold pieces.
You spent 2565 gold pieces at shops.

Inventory:

Hand Weapons
 x - the +3 glaive of Daryowk {flame, +Blink rPois MP-9 Str+7}
   (You took it off a deep elf knight on level 1 of the Elven Halls)

   It burns those it strikes, dealing additional fire damage.
   Big, fiery blades are also staple armaments of hydra-hunters.
   Str:       It affects your strength (+7).
   rPois:     It protects you from poison.
   MP:        It affects your magic capacity (-9).
   +Blink:    It lets you blink.
Missiles
 y - 20 curare-tipped darts {!f}
 E - 3 throwing nets {!f}
Armour
 j - a +0 hat (worn)
   (You found it on level 2 of the Dungeon)
 w - a +1 cloak (worn)
   (You found it on level 3 of the Dungeon)
 J - the quicksilver dragon scales of the New World {rPois Will+ Dex+3}
   (You bought it in a shop on level 1 of the Elven Halls)

   Dex:       It affects your dexterity (+3).
   rPois:     It protects you from poison.
   Will:      It increases your willpower.
 L - +3 steam dragon scales (worn)
   (You found it on level 8 of the Dungeon)
 R - a +0 pair of gloves (worn)
   (You found it on level 1 of the Lair of Beasts)
 S - the +2 shield of Resistance (worn) {rF++ rC++ Will++}
   (You took it off Donald on level 2 of the Shoals)

   rF:        It greatly protects you from fire.
   rC:        It greatly protects you from cold.
   Will:      It greatly increases your willpower.
 T - a +0 pair of boots (worn)
   (You found it on level 2 of the Lair of Beasts)
 U - +0 acid dragon scales
   (You took it off Maggie on level 2 of the Lair of Beasts)
Magical Staves
 a - a staff of conjuration (weapon) {!a}
   (You acquired it on level 11 of the Dungeon)
 b - a staff of poison
   (You found it on level 8 of the Dungeon)
Jewellery
 r - a ring of resist corrosion (left hand)
   (You found it on level 3 of the Dungeon)
 u - a ring of fire
   (You found it on level 3 of the Dungeon)
 Q - an amulet of the acrobat (around neck)
   (You found it on level 14 of the Dungeon)
 W - a +6 ring of dexterity (right hand)
   (You found it on level 2 of the Lair of Beasts)
Wands
 c - a wand of flame (8)
   (You found it on level 9 of the Dungeon)
 G - a wand of charming (9)
   (You took it off an orc on level 7 of the Dungeon)
 H - a wand of mindburst (18)
   (You found it on level 7 of the Dungeon)
 I - a wand of roots (30)
   (You took it off an orc on level 8 of the Dungeon)
 X - a wand of polymorph (10)
   (You found it on level 2 of the Lair of Beasts)
Scrolls
 f - 2 scrolls of amnesia
 l - 4 scrolls of brand weapon
 m - 3 scrolls of poison {!r}
 n - 8 scrolls of enchant weapon
 o - 6 scrolls of immolation {!r}
 q - 3 scrolls of torment {!r}
 t - 4 scrolls of silence
 F - 3 scrolls of vulnerability {!r}
 K - 5 scrolls of fog
 M - 5 scrolls of magic mapping
 O - 6 scrolls of noise {!r}
 P - a scroll of fear
Potions
 d - 3 potions of berserk rage
 e - 4 potions of cancellation
 h - a potion of lignification {!q}
 i - 6 potions of ambrosia
 k - 2 potions of haste {@q3}
 p - 6 potions of might
 s - 7 potions of degeneration {!q}
 v - 2 potions of mutation {!q}
 z - 3 potions of resistance
 A - 3 potions of brilliance
 B - 10 potions of curing {@q1}
 D - 3 potions of attraction {!q}
 N - 3 potions of flight


   Skills:
 - Level 12.9 Fighting
 * Level 8.2 Armour
 - Level 11.1 Dodging
 - Level 6.0 Stealth
 - Level 8.3 Shields
 - Level 13.8 Spellcasting
 + Level 14.8 Conjurations
 - Level 8.4 Hexes
 - Level 17.1 Summonings
 - Level 3.0 Translocations
 - Level 10.4 Earth Magic
 - Level 0.5 Evocations


You had 14 spell levels left.
You knew the following spells:

 Your Spells              Type           Power      Damage    Failure   Level
a - Magic Dart            Conj           100%       1d8       0%          1
b - Searing Ray           Conj           100%       2d8       1%          2
c - Fulminant Prism       Conj/Hex       49%        3d21      1%          4
d - Iskenderun's Mystic   Conj/Tloc      87%        2d17      1%          4
e - Iron Shot             Conj/Erth      50%        9d10      4%          6
f - Summon Mana Viper     Hex/Summ       81%        N/A       1%          5
g - Monstrous Menagerie   Summ           46%        N/A       3%          7

Your spell library contained the following spells:

 Spells                   Type           Power      Damage    Failure   Level
 Apportation              Tloc           82%        N/A       1%          1
 Foxfire                  Conj/Fire      100%       2x1d9     1%          1
 Sandblast                Erth           100%       2d20      1%          1
 Slow                     Hex            100%       N/A       1%          1
 Passwall                 Tmut/Erth      44%        N/A       1%          2
 Confusing Touch          Hex            66%        N/A       1%          3
 Conjure Flame            Conj/Fire      81%        6-21      1%          3
 Dazzling Flash           Conj/Hex       100%       N/A       1%          3
 Stone Arrow              Conj/Erth      100%       3d13      1%          3
 Animate Armour           Summ/Erth      100%       N/A       1%          4
 Cause Fear               Hex            33%        N/A       1%          4
 Summon Ice Beast         Ice/Summ       67%        N/A       1%          4
 Summon Cactus Giant      Summ           46%        N/A       1%          6
 Inner Flame              Hex/Fire       49%        N/A       2%          3
 Flame Wave               Conj/Fire      81%        2d18      2%          4
 Summon Forest            Summ/Tloc      36%        N/A       2%          5
 Gell's Gravitas          Tloc           41%        N/A       4%          3
 Teleport Other           Tloc           41%        N/A       4%          3
 Ignite Poison            Fire/Tmut/Pois 22%        N/A       16%         3
 Vampiric Draining        Necr           22%        2d7       16%         3
 Borgnjor's Vile Clutch   Necr/Erth      26%        N/A       17%         5
 Animate Dead             Necr           22%        N/A       45%         4
 Olgreb's Toxic Radiance  Pois           22%        N/A       45%         4
 Alistair's Intoxication  Tmut/Pois      14%        N/A       80%         5
 Blade Hands              Tmut           11%        N/A       80%         5
 Dispersal                Tloc           20%        N/A       92%         6
 Dragon's Call            Summ           46%        N/A       99%         9
 Death Channel            Necr           11%        N/A       100%        6
 Eringya's Noxious Bog    Tmut/Pois      11%        N/A       100%        6
 Dragon Form              Tmut           11%        N/A       100%        7
 Ozocubu's Refrigeration  Ice            11%        4d9       100%        7
 Ignition                 Fire           11%        3d5       100%        8


Dungeon Overview and Level Annotations

Branches:
Dungeon (15/15) Zot: 24979  Temple (1/1) D:6 Zot: 5957    Lair (4/5) D:11 Zot: 15881
 Shoals (4/4) Lair:3 Zot: 15923  Spider (0/4) Lair:3        Slime (0/5) Lair:4
    Orc (2/2) D:9 Zot: 8059     Elf (2/3) Orc:2 Zot: 9781  Vaults (0/5) D:13
 Depths (0/4) D:15        Ossuary (visited)          Bailey (visited)

Altars:
Ashenzari
Cheibriados
Dithmenos
Elyvilon
Fedhas
Gozag
Hepliaklqana
Kikubaaqudgha
Makhleb
Nemelex Xobeh
Okawaru
Qazlal
Ru
Sif Muna
Trog
Uskayaw
Vehumet
Wu Jian
Xom
Yredelemnul
Zin
The Shining One
Jiyva
Lugonu

Shops:
D:15 :   Orc:2 [:!?   Elf:1 [(*:[

Annotations:
D:10 exclusion: oklob plant
Elf:2 3 runed translucent doors


Message History

The deep elf pyromancer gestures wildly while chanting.
The deep elf pyromancer blinks!
The deep elf knight casts a spell.
The deep elf knight flickers and vanishes!
The deep elf pyromancer mumbles some strange words.
The deep elf pyromancer blinks!
The deep elf knight gestures wildly while chanting.
The deep elf knight flickers and vanishes!
The deep elf knight gestures at you while chanting.
The shard of ice hits you!! You partially resist.
* * * LOW HITPOINT WARNING * * *
The +1 flail of holy wrath hits you!
* * * LOW HITPOINT WARNING * * *
The +2 vorpal long sword hits you!
* * * LOW HITPOINT WARNING * * *
* * * LOW HITPOINT WARNING * * *
A deep elf blademaster comes into view. It is wielding two +0 short swords.
The +2 mace of draining completely misses you.
You hear a shout!
Okay, then.
Blink to where?
As you read the scroll of blinking, it crumbles to dust.
The deep elf zephyrmancer mumbles some strange words.
The deep elf zephyrmancer blinks!
The deep elf pyromancer gestures wildly while chanting.
Blink to where?
As you read the scroll of blinking, it crumbles to dust.
Your surroundings suddenly seem different.
A deep elf knight and a deep elf pyromancer come into view.
The deep elf knight shouts!
You hear a shout!
A +4 battleaxe of venom comes into view.
The deep elf pyromancer mumbles some strange words.
The deep elf pyromancer blinks!
The deep elf pyromancer shouts!
The deep elf knight attacks as you move away!
The deep elf knight hits you with a +0 short sword.
* * * LOW HITPOINT WARNING * * *
Blink to where?
As you read the scroll of blinking, it crumbles to dust.
A +1 battleaxe of draining comes into view.
You block the +1 battleaxe of draining's attack.
You block the +1 battleaxe of draining's attack.
You block the +1 battleaxe of draining's attack.
The +1 battleaxe of draining attacks as you move away!
The +1 battleaxe of draining completely misses you.
The +1 battleaxe of draining attacks as you move away!
The +1 battleaxe of draining completely misses you.
A +0 halberd of venom comes into view.
You feel yourself speed up. The +1 battleaxe of draining hits you!
You die...

.......#...... ###
........#....#.........#
.........#..#...........
..........##............
..........##............
........e#..#...........
........#....#.........#
.......#......#.......#
#.....#........#@....#
.#...#.........(#...#.(.
..###.....##.....###....
## ############## ###


You could see 2 dancing weapons.

Vanquished Creatures
  Snorg (Lair:3)
  5 merfolk javelineers
  A deep elf high priest (Elf:1)
  2 merfolk impalers
  2 boulder beetles
  2 ogre magi
  2 hydras
  A merfolk aquamancer (Shoals:4)
  5 vault guards (D:13)
  15 two-headed ogres
  10 dancing weapons
  5 death yaks
  3 centaur warriors
  A death knight (D:14)
  Urug (Orc:1)
  An orc high priest (Orc:1)
  5 deep elf knights
  4 skeletal warriors
  Amaemon (Lair:3)
  4 sea snakes
  A necromancer (D:15)
  10 harpies
  2 phantasmal warriors
  A lindwurm (shapeshifter) (D:15)
  3 deep elf archers
  4 deep elf pyromancers
  An orc sorcerer (Orc:2)
  12 fauns
  2 ugly things (D:15)
  4 orc knights
  2 deep elf zephyrmancers
  4 cyclopes
  A manticore (shapeshifter) (D:13)
  16 manticores
  A frost giant zombie (D:15)
  6 elephants
  3 merfolk sirens
  2 black mambas
  4 water nymphs
  3 cane toads
  2 gargoyles
  A torpor snail (Lair:4)
  An orange demon (Lair:3)
  7 komodo dragons
  4 kobold demonologists
  An efreet (D:15)
  3 rime drakes
  A freezing wraith (D:15)
  A queen bee (shapeshifter) (D:15)
  5 trolls
  2 meliai (Lair:4)
  A troll (shapeshifter) (D:15)
  6 merfolk
  A hornet (D:9)
  A wind drake (Shoals:2)
  13 blink frogs
  2 snapping turtles (Shoals:4)
  4 dream sheep (Shoals:1)
  8 slime creatures
  2 shadows (D:13)
  3 culicivoras (Lair:3)
  An ettin skeleton (D:15)
  4 water elementals
  2 wyverns
  3 air elementals
  2 nameless horrors
  2 wraiths
  35 yaks
  Eustachio (D:5)
  2 basilisks
  A fire elemental (Elf:1)
  2 steam dragons
  5 vampire mosquitoes (D:12)
  Menkaure (D:7)
  A warg (Orc:2)
  9 water moccasins
  3 acid dragons
  31 orc warriors
  An ice beast (D:8)
  2 sky beasts (D:14)
  2 black bears
  11 centaurs
  9 ogres
  6 wolves (Lair:4)
  A phantom (D:5)
  4 elf zombies (Ossuary)
  6 bullfrogs
  A kobold brigand (D:9)
  3 earth elementals (Elf:1)
  2 necrophages
  2 gnoll sergeants (D:8)
  4 scorpions
  A water moccasin zombie (D:7)
  7 wights (D:7)
  19 killer bees (Lair:4)
  7 howler monkeys
  2 electric eels (D:9)
  7 centaur zombies
  2 human zombies (Ossuary)
  11 orc priests
  2 hounds
  A jelly (D:6)
  An iguana (D:5)
  20 orc wizards
  A hell rat (Lair:4)
  A killer bee zombie (D:7)
  3 mummies (Ossuary)
  17 gnolls
  6 adders
  A shadow imp (D:6)
  2 white imps
  An ufetubus (D:4)
  3 worms
  50 orcs
  7 endoplasms
  2 giant cockroaches
  7 goblins
  14 hobgoblins
  6 jackals
  3 quokkas
  4 ball pythons
  6 bats
  12 frilled lizards
  A goblin zombie (D:4)
  A hobgoblin zombie (D:4)
  4 kobolds
  2 rats
  A fulminant prism (Lair:1)
616 creatures vanquished.

Vanquished Creatures (collateral kills)
  Gastronok (Lair:3)
  Ilsuiw (Shoals:4)
  Donald (Shoals:2)
  Louise (Shoals:2)
  4 merfolk javelineers
  4 merfolk impalers
  Fannar (Lair:2)
  3 vault guards (D:13)
  2 hydras
  5 merfolk aquamancers
  2 merfolk avatars
  An ogre mage (Orc:1)
  4 centaur warriors
  2 two-headed ogres
  An alligator snapping turtle (Shoals:3)
  4 satyrs
  2 death yaks
  7 sea snakes
  8 harpies (Shoals:4)
  2 deep elf zephyrmancers (Elf:1)
  3 deep elf archers
  3 deep elf pyromancers (Elf:1)
  12 fauns
  6 manticores
  3 ugly things (D:15)
  An elephant (Lair:2)
  A cyclops (shapeshifter) (Elf:1)
  4 merfolk sirens
  3 cane toads
  A water nymph (Shoals:1)
  2 rime drakes
  A komodo dragon (Lair:3)
  Maggie (Lair:2)
  A meliai (Lair:4)
  12 merfolk
  3 wind drakes
  A queen bee (Lair:4)
  3 blink frogs
  3 slime creatures
  3 snapping turtles
  A shadow (D:11)
  3 water elementals
  5 wyverns
  An ettin skeleton (D:15)
  14 yaks
  A hog (shapeshifter) (D:15)
  A vampire mosquito (D:12)
  5 basilisks
  A steam dragon (D:11)
  11 water moccasins
  6 orc warriors
  2 ice beasts
  2 black bears
  2 hornet zombies (D:7)
  2 sky beasts (D:14)
  2 wolves (Lair:4)
  7 centaurs
  An elf zombie (Ossuary)
  A necrophage (D:8)
  An earth elemental (Elf:1)
  5 bullfrogs
  4 gnoll sergeants
  A scorpion (D:6)
  A wyvern zombie (D:7)
  4 wights (D:7)
  9 killer bees (Lair:4)
  A howler monkey (D:10)
  2 human zombies
  A gnoll bouda (D:9)
  A hound (D:7)
  An orc priest (D:6)
  An iguana (D:5)
  4 orc wizards
  A killer bee zombie (D:7)
  A mummy (D:4)
  2 howler monkey zombies (D:7)
  An adder (D:6)
  8 gnolls
  A white imp (D:6)
  A worm (D:5)
  A dart slug (D:4)
  24 orcs
  A giant cockroach (D:4)
  A goblin (Bailey)
  A jackal (D:4)
  A butterfly (Lair:3)
271 creatures vanquished.

Vanquished Creatures (others)
  A deep elf pyromancer (Elf:1)
  19 knights
  3 ancestors
  A bush (Lair:2)
  9 demonic plants (D:13)
  100 fulminant prisms
  22 fungi
  341 plants
  12 toadstools (D:10)
  15 withered plants
523 creatures vanquished.

Grand Total: 1410 creatures vanquished

Notes
Turn   | Place    | Note
-------+----------+-------------------------------------------
     0 | D:1      | GeoRichter the Deep Elf Conjurer began the quest for the
                  | Orb.
     0 | D:1      | Reached XP level 1. HP: 10/10 MP: 6/6
   512 | D:1      | Reached XP level 2. HP: 15/15 MP: 5/8
  1150 | D:2      | Reached skill level 5 in Conjurations
  1195 | D:2      | Reached XP level 3. HP: 19/19 MP: 3/10
  1340 | D:2      | Learned a level 2 spell: Searing Ray
  1551 | D:2      | Found a glowing golden altar of the Shining One.
  2088 | D:2      | Reached XP level 4. HP: 22/24 MP: 8/12
  2093 | D:2      | Learned a level 4 spell: Fulminant Prism
  2098 | D:2      | Learned a level 4 spell: Iskenderun's Mystic Blast
  2242 | D:3      | Found a faded altar of an unknown god.
  2308 | D:3      | Found a faded altar of an unknown god.
  2310 | D:3      | Found a faded altar of an unknown god.
  2310 | D:3      | Found a hazy altar of Hepliaklqana.
  2319 | D:3      | Became a worshipper of Hepliaklqana the Forgotten
  2452 | D:3      | Reached skill level 1 in Hexes
  3318 | D:3      | Reached * piety under Hepliaklqana
  3679 | D:4      | Found a sand-covered staircase.
  3686 | D:4      | Reached XP level 5. HP: 15/25 MP: 5/13
  3739 | Ossuary  | Entered an ossuary
  3878 | Ossuary  | Reached XP level 6. HP: 8/28 MP: 10/14
  4139 | Ossuary  | Reached XP level 7. HP: 17/32 MP: 1/15
  4475 | Ossuary  | Reached skill level 5 in Hexes
  5575 | D:5      | Entered Level 5 of the Dungeon
  5739 | D:5      | Reached XP level 8. HP: 36/36 MP: 6/16
  6100 | D:5      | Reached skill level 10 in Conjurations
  6291 | D:5      | Reached ** piety under Hepliaklqana
  6292 | D:5      | Remembered your ancestor Tiberia as a knight
  6583 | D:5      | Noticed a two-headed ogre
  6744 | D:5      | Noticed Eustachio
  6753 | D:5      | Killed Eustachio
  6890 | D:5      | Killed a two-headed ogre
  6891 | D:5      | Reached XP level 9. HP: 40/40 MP: 7/17
  7144 | D:5      | Found a shadowy altar of Dithmenos.
  7158 | D:5      | Reached skill level 1 in Fighting
  7239 | D:5      | Found a stormy altar of Qazlal.
  8264 | D:6      | Found a staircase to the Ecumenical Temple.
  8341 | Temple   | Entered the Ecumenical Temple
  8748 | D:7      | Reached skill level 5 in Stealth
  8754 | D:7      | Reached *** piety under Hepliaklqana
  8852 | D:7      | Found an opulent altar of Gozag.
  8881 | D:7      | Reached skill level 5 in Dodging
  9018 | D:7      | Found a flagged portal.
  9038 | Bailey   | Entered a bailey
  9222 | Bailey   | Reached XP level 10. HP: 52/52 MP: 9/18
  9412 | Bailey   | Noticed an orc high priest
  9606 | D:7      | Reached skill level 5 in Fighting
  9708 | D:7      | Reached skill level 1 in Translocations
  9710 | D:7      | Noticed Menkaure
 10491 | D:7      | Identified the +5 chain mail "Bisma" {rN+ Slay+2}
 10652 | D:7      | Killed Menkaure
 11260 | D:8      | Reached **** piety under Hepliaklqana
 12554 | D:9      | Found a staircase to the Orcish Mines.
 12661 | D:9      | Found a shimmering altar of Xom.
 12665 | D:9      | Found a shimmering altar of Xom.
 12665 | D:9      | Found a shimmering altar of Xom.
 12666 | D:9      | Found a shimmering altar of Xom.
 12666 | D:9      | Found a shimmering altar of Xom.
 12666 | D:9      | Found a shimmering altar of Xom.
 12667 | D:9      | Found a shimmering altar of Xom.
 12681 | D:9      | Found a radiant altar of Vehumet.
 12834 | D:9      | Reached XP level 11. HP: 60/60 MP: 11/19
 13104 | D:9      | Found a snail-covered altar of Cheibriados.
 13341 | D:9      | Found a sacrificial altar of Ru.
 13342 | D:9      | Found a glowing golden altar of the Shining One.
 13404 | D:9      | Noticed a death yak
 13413 | D:9      | Killed a death yak
 13753 | D:9      | Found a sparkling altar of Nemelex Xobeh.
 13812 | D:9      | Found a broken altar of Ashenzari.
 13816 | D:9      | Saw a vision of the Shoals and the Spider Nest.
 13816 | D:9      | Noticed an entropy weaver
 13816 | D:9      | Noticed an orb spider
 13816 | D:9      | Noticed a sea snake
 13817 | D:9      | Noticed a wolf spider
 13817 | D:9      | Noticed a harpy
 13952 | D:10     | Entered Level 10 of the Dungeon
 14008 | D:10     | Found a shimmering blue altar of Sif Muna.
 15161 | D:10     | Found a blossoming altar of Fedhas.
 15184 | D:10     | Noticed an oklob plant
 15376 | D:11     | Noticed a five-headed hydra
 15384 | D:11     | Killed a five-headed hydra
 15385 | D:11     | Reached skill level 10 in Dodging
 15485 | D:11     | Noticed a two-headed ogre
 15493 | D:11     | Killed a two-headed ogre
 15651 | D:11     | Learned a level 6 spell: Iron Shot
 15694 | D:11     | Reached ***** piety under Hepliaklqana
 15697 | D:11     | Noticed a two-headed ogre
 15704 | D:11     | Killed a two-headed ogre
 15705 | D:11     | Reached skill level 10 in Fighting
 15709 | D:11     | Reached skill level 1 in Earth Magic
 15721 | D:11     | Reached XP level 12. HP: 51/69 MP: 0/21
 16222 | D:11     | Reached skill level 5 in Spellcasting
 16702 | D:11     | Found a staircase to the Lair.
 16883 | D:11     | Identified a scroll of acquirement
 16883 | D:11     | Acquired a staff of conjuration
 16888 | Lair:1   | Entered Level 1 of the Lair of Beasts
 17592 | Lair:1   | Identified the +1 robe "Ilapt" {MP+9}
 18022 | Lair:1   | Noticed an eight-headed hydra
 18029 | Lair:1   | Killed an eight-headed hydra
 18429 | Lair:2   | Noticed Fannar
 18882 | Lair:2   | Killed Fannar
 18891 | Lair:2   | Noticed Maggie
 18899 | Lair:2   | Killed Maggie
 19112 | Lair:2   | Reached skill level 5 in Earth Magic
 19288 | Lair:2   | Reached XP level 13. HP: 75/75 MP: 15/26
 20094 | Lair:2   | Acquired a book of the Dragon
 20337 | Lair:3   | Noticed Gastronok
 20352 | Lair:3   | Killed Gastronok
 20584 | Lair:3   | Found a staircase to the Shoals.
 20802 | Lair:3   | Found a hole to the Spider Nest.
 21017 | Lair:3   | Noticed Snorg
 21029 | Lair:3   | Killed Snorg
 21350 | Lair:3   | Noticed Amaemon
 21363 | Lair:3   | Killed Amaemon
 22693 | Lair:4   | Reached skill level 10 in Spellcasting
 23958 | Lair:4   | Reached skill level 10 in Earth Magic
 23958 | Lair:4   | Reached XP level 14. HP: 81/81 MP: 13/30
 24714 | Lair:4   | Reached ****** piety under Hepliaklqana
 24736 | Lair:4   | Found a viscous altar of Jiyva.
 24736 | Lair:4   | Found a staircase to the Slime Pits.
 25082 | Orc:1    | Entered Level 1 of the Orcish Mines
 25126 | Orc:1    | Reached skill level 2 in Summonings
 25128 | Orc:1    | Reached skill level 1 in Armour
 25317 | Orc:1    | Reached skill level 3 in Summonings
 25325 | Orc:1    | Reached skill level 4 in Summonings
 25474 | Orc:1    | Reached skill level 5 in Summonings
 25752 | Orc:1    | Noticed Urug
 25883 | Orc:1    | Killed Urug
 25884 | Orc:1    | Reached skill level 6 in Summonings
 26073 | Orc:2    | Entered Level 2 of the Orcish Mines
 26398 | Orc:2    | Reached skill level 7 in Summonings
 26831 | Orc:2    | Reached skill level 8 in Summonings
 27426 | Orc:2    | Found a staircase to the Elven Halls.
 27706 | Orc:2    | Reached skill level 9 in Summonings
 28096 | Orc:2    | Learned a level 5 spell: Summon Mana Viper
 28158 | Orc:2    | Reached skill level 5 in Armour
 28169 | Orc:2    | Reached skill level 10 in Summonings
 28789 | Orc:2    | Found Qofoome's Book Boutique.
 28789 | Orc:2    | Found Tohoyv Don's Distillery.
 28791 | Orc:2    | Found Vuweus's Magic Scroll Shoppe.
 28793 | Orc:2    | Found Qielip's Antique Armour Shop.
 28798 | Orc:2    | Bought 2 potions of resistance for 320 gold pieces
 28798 | Orc:2    | Bought a potion of heal wounds for 80 gold pieces
 28798 | Orc:2    | Bought a potion of heal wounds for 80 gold pieces
 28798 | Orc:2    | Bought a potion of curing for 48 gold pieces
 28798 | Orc:2    | Bought a potion of curing for 48 gold pieces
 28798 | Orc:2    | Bought a potion of curing for 48 gold pieces
 28800 | Orc:2    | Bought a scroll of enchant armour for 82 gold pieces
 28800 | Orc:2    | Bought a scroll of teleportation for 33 gold pieces
 28800 | Orc:2    | Bought a scroll of magic mapping for 82 gold pieces
 28800 | Orc:2    | Bought a scroll of blinking for 82 gold pieces
 28800 | Orc:2    | Bought a scroll of blinking for 82 gold pieces
 28981 | Orc:1    | Learned a level 7 spell: Monstrous Menagerie
 29192 | D:12     | Reached skill level 11 in Summonings
 30164 | D:13     | Found a gate to the Vaults.
 30172 | D:13     | Reached skill level 12 in Summonings
 31223 | D:13     | Reached skill level 13 in Summonings
 31488 | D:13     | Reached XP level 15. HP: 85/85 MP: 19/32
 32101 | D:13     | Found a corrupted altar of Lugonu.
 32534 | D:14     | Paralysed by an air elemental for 1 turns
 32675 | D:14     | Identified the +7 hand axe of Ciplaiclire {venom, rCorr
                  | Str+7 Int-2 Dex-5}
 33676 | D:15     | Entered Level 15 of the Dungeon
 33905 | D:15     | Found a staircase to the Depths.
 34052 | D:15     | Reached skill level 14 in Summonings
 34305 | D:15     | Found Vaxiefyo's Book Shoppe.
 35646 | Shoals:1 | Entered Level 1 of the Shoals
 36311 | Shoals:1 | Reached skill level 15 in Summonings
 36869 | Shoals:1 | You fall into a shaft and drop 1 floor!
 37534 | Shoals:2 | Noticed Donald
 37540 | Shoals:2 | Killed Donald
 37972 | Shoals:2 | Reached XP level 16. HP: 60/92 MP: 14/35
 38134 | Shoals:2 | Noticed Louise
 38142 | Shoals:2 | Killed Louise
 38920 | Shoals:2 | Reached skill level 16 in Summonings
 40172 | Shoals:3 | Reached skill level 1 in Shields
 40763 | Shoals:4 | Entered Level 4 of the Shoals
 41283 | Shoals:4 | Reached skill level 5 in Shields
 41297 | Shoals:4 | Killed Ilsuiw
 42838 | Shoals:4 | Reached XP level 17. HP: 97/97 MP: 19/36
 43064 | Shoals:4 | Got the Spellbook of Changing
 43251 | Shoals:4 | Got a barnacled rune of Zot
 43654 | Elf:1    | Entered Level 1 of the Elven Halls
 43721 | Elf:1    | Found Hig Huph's General Store.
 43809 | Elf:1    | Bought 2 potions of haste for 280 gold pieces
 43872 | Elf:1    | Found Feeghe's Antique Armour Shoppe.
 43880 | Elf:1    | Bought warped quicksilver dragon scales for 1300 gold
                  | pieces
 43880 | Elf:1    | Identified the quicksilver dragon scales of the New World
                  | {rPois Will+ Dex+3} (You bought it in a shop on level 1 of
                  | the Elven Halls)
 44067 | Elf:1    | Found Gyuq's Antique Weapon Emporium.
 44355 | Elf:1    | Identified the +3 glaive of Daryowk {flame, +Blink rPois
                  | MP-9 Str+7}
 44362 | Elf:1    | Reached skill level 17 in Summonings
 44388 | Elf:1    | Found Rotzoy's Book Boutique.
 45341 | Elf:1    | Found Zuheich's Antique Armour Emporium.
 45858 | Elf:2    | Found a runed translucent gate.
 45858 | Elf:2    | Found a runed translucent gate.
 45858 | Elf:2    | Found a runed translucent gate.
 45863 | Elf:2    | Noticed a deep elf blademaster
 45882 | Elf:2    | Slain by a +1 battleaxe of draining

Illustrated notes

Levels and vault maps discovered:
D:1:      wander_arrival_fairy_ring, layout_loops_corners
D:2:      layout_loops_ring, basic_altar, minmay_lizard_king
D:3:      layout_basic, nicolae_hepliaklqana_ecumenical_no_more,
          hellmonk_ecumenical_altar_dog_temple, nicolae_grassy_gnolls
D:4:      layout_cave_pods, nicolae_ossuary_entry_giza
D:5:      layout_basic, mainiacjoe_overflow_paths,
          nicolae_qazlal_eye_of_the_storm, minmay_manual_macuahuitl,
          uniq_eustachio
D:6:      layout_basic, minmay_temple_entry_mini_moons
D:7:      layout_basic, nicolae_gozag_cash_rules_everything_around_me,
          serial_undead, serial_undead_e, serial_undead_a, serial_undead_f,
          serial_undead_c, serial_undead_c, serial_undead_e, enter_bailey_1,
          uniq_menkaure
D:8:      layout_cave_pods, serial_gnoll_camp, gnoll_camp_mini_loothouse,
          gnoll_camp_mini_hut, gnoll_camp_mini_hut, gnoll_camp_mini_hut,
          gnoll_camp_mini_hut
D:9:      argonaut_augean_stables, layout_cave_pools, grunt_ashenzari_visionary
          [grunt_ashenzari_visionary_shoals, grunt_ashenzari_visionary_spider],
          mainiacjoe_overflow_24_doors, lemuel_tele_altar,
          nicolae_vehumet_radiance, xom_shifter_show, nicolae_overflow_squiral
D:10:     layout_loops_ring, general_overflow_altar, tgw_fedhas
D:11:     layout_small_grid, erik_lair_dragon
D:12:     layout_roguey, minivault_19
D:13:     kennysheep_kobold_lugonu_temple, layout_loops_ring, erik_vaults_2
D:14:     layout_loops_ring, kennysheep_minor_cross, dreamdust_looks_like_rain
D:15:     gammafunk_depths_entry_grave, layout_gridville,
          minmay_misc_feat_hallway, serial_shops, nicolae_lakefront_shop
Temple:   nicolae_temple_cloud_nine
Lair:1:   layout_layer_cave, beast_lair_carwin_1, grunt_megastairs_3,
          lemuel_fruit_fields
Lair:2:   layout_regular_city, uniq_fannar, uniq_maggie
Lair:3:   layout_cave_pods, minmay_shoals_entry_centaurs,
          hellmonk_spider_entry_life_and_decay, lemuel_fruit_fields,
          uniq_gastronok, uniq_amaemon, uniq_snorg
Lair:4:   regret_index_tunnel_blossom, layout_regular_city,
          dpeg_slime_entry_enclosed
Shoals:1: layout_shoals
Shoals:2: layout_shoals, uniq_donald, uniq_louise
Shoals:3: cheibrodos_shoals_epimethial_gifts, layout_shoals,
          nicolae_shoals_nautilus_by_nature
Shoals:4: shoals_end_grunt_garden, layout_shoals, shoal_ilsuiw
Orc:1:    layout_diamond_mine, uniq_urug
Orc:2:    st_orc_rangers, layout_caves, nicolae_orc_lost_temple
Elf:1:    layout_onion_city, serial_shops, nicolae_shop_waterfront,
          nicolae_square_shop, nicolae_shop_advertising_works
          [nicolae_subvault_shop_adworks], nicolae_shop_behind_doors,
          nicolae_diamond_shop, kennysheep_underground_church
Elf:2:    nicolae_elf_blades_splatter_lattice [grunt_blade_entry_basic],
          layout_rooms, basic_altar, lemuel_flame_loot_1, uniq_aizul

Skill      XL: |  1  2  3  4  5  6  7  8  9 10 11 12 13 14 15 16 17 |
---------------+----------------------------------------------------+-----
Conjurations   | 5 6 7 8 9 11 13 14 | 14.8
Spellcasting   | 4 7 10 11 13 | 13.8
Hexes          | 1 3 4 6 8 |  8.4
Fighting       | 4 7 10 11 12 | 12.9
Dodging        | 5 7 10 11 | 11.1
Stealth        | 5 6 |  6.0
Translocations | 3 |  3.0
Earth Magic    | 1 5 10 | 10.4
Summonings     | 13 15 16 17 | 17.1
Armour         | 6 8 |  8.2
Shields        | 8 |  8.3
Evocations     | |  0.5

Action                   |  1- 3 |  4- 6 |  7- 9 | 10-12 | 13-15 | 16-18 || total
-------------------------+-------+-------+-------+-------+-------+-------++-------
Melee: Short sword       |     3 |       |       |       |       |       ||     3
       Dagger            |       |    17 |    20 |    11 |       |       ||    48
       Staff             |       |       |       |     6 |    16 |    65 ||    87
       Punch             |       |       |       |     1 |       |       ||     1
 Cast: Magic Dart        |    91 |    48 |   197 |   279 |   177 |       ||   792
       Searing Ray       |       |    13 |    37 |    74 |    20 |       ||   144
       Fulminant Prism   |       |     1 |     5 |    43 |    47 |     5 ||   101
       Iskenderun's Myst |       |       |     3 |    22 |    45 |       ||    70
       Iron Shot         |       |       |       |       |   274 |   128 ||   402
       Summon Mana Viper |       |       |       |       |     3 |       ||     3
       Monstrous Menager |       |       |       |       |    13 |    56 ||    69
Invok: Ancestor Life: Kn |       |       |     1 |       |       |       ||     1
       Recall Ancestor   |       |       |       |     7 |    15 |     3 ||    25
Evoke: Wand              |       |       |       |       |     1 |     6 ||     7
  Use: Potion            |       |     4 |     2 |     1 |     3 |    10 ||    20
       Scroll            |       |     5 |    11 |     9 |    19 |    12 ||    56
 Stab: Invisible         |       |       |       |       |       |     1 ||     1
Armor: Robe              |     1 |    18 |    18 |     6 |       |       ||    43
       Skin              |       |       |    19 |       |       |       ||    19
       Steam dragon scal |       |       |       |    14 |    48 |    27 ||    89
Dodge: Dodged            |     4 |    15 |    31 |    61 |   266 |   125 ||   502
Block: Kite shield       |       |       |       |       |       |    74 ||    74
